 Dungeon Crawl Stone Soup version 0.29.0-4-gdea44cf6ec (webtiles) character file.

Game seed: 2592804499282812260

47 qw the Ruffian (level 3, -1/28 HPs)
             Began as a Ghoul Fire Elementalist on Aug 29, 2022.
             Slain by a hound (2 damage)
             ... on level 3 of the Dungeon.
             The game lasted 00:02:24 (3044 turns).

qw the Ruffian (Ghoul Fire Elementalist)            Turns: 3044, Time: 00:02:25

Health: -1/28      AC:  3    Str: 13    XL:     3   Next: 70%
Magic:  4/4        EV: 11    Int: 10    God:
Gold:   143        SH:  2    Dex:  9    Spells: 4/5 levels left

rFire   . . .      SeeInvis .     - Unarmed
rCold   + . .      Faith    .   e - +0 buckler
rNeg    + + +      Spirit   .   b - +0 leather armour
rPois   inf        Reflect  .   (no helmet)
rElec   .          Harm     .   (no cloak)
rCorr   .          Rampage  .   (no gloves)
Will    .....                   (no boots)
Stlth   +.........              (no amulet)
HPRegen 0.00/turn               (no ring)
MPRegen 0.09/turn               (no ring)

@: inhibited regen
A: claws 1, cold resistance 1, negative energy resistance 3, inhibited
regeneration, torment resistance 2, devour on kill
a: no special abilities


You were on level 3 of the Dungeon.
You visited 1 branch of the dungeon, and saw 3 of its levels.

You collected 143 gold pieces.


Innate Abilities, Weirdness & Mutations

You are immune to poison.
You have sharp fingernails.
Your flesh is cold resistant. (rC+)
You are immune to negative energy. (rN+++)
You do not regenerate when monsters are visible.
You are immune to unholy pain and torment.
You thrive by killing the living.


   Skills:
 - Level 1.0 Fighting
 - Level 1.7 Dodging
 - Level 2.1 Stealth
 + Level 3.2 Unarmed Combat
 - Level 1.7 Spellcasting
 - Level 0.7 Conjurations
 - Level 2.4 Fire Magic


You had 4 spell levels left.
You knew the following spells:

 Your Spells              Type           Power      Damage    Failure   Level
a - Foxfire               Conj/Fire      16%        2x1d4     30%         1

Your spell library contained the following spells:

 Spells                   Type           Power      Damage    Failure   Level
 Scorch                   Fire           10%        2d6       32%         2
 Conjure Flame            Conj/Fire      4%         6-21      65%         3
 Inner Flame              Hex/Fire       3%         N/A       71%         3
 Flame Wave               Conj/Fire      4%         2d5       96%         4

Inventory:

Armour
 b - a +0 leather armour (worn)
 e - a +0 buckler (worn)
Potions
 g - a potion of berserk rage {unknown}

Dungeon Overview and Level Annotations

Branches:
Dungeon (3/15)

Altars:


Message History

You scratch the hound.
The hound is lightly wounded.
The hound bites you. The hound closely misses you.
You scratch the hound.
The hound is lightly wounded.
The hound closely misses you.
You miss the hound.
The hound is lightly wounded.
The hound barely misses you.
You scratch the hound.
The hound is heavily wounded.
The hound bites you. x2
You barely miss the hound.
The hound is heavily wounded.
The hound bites you. x2
You miss the hound.
The hound is moderately wounded.
The hound bites you but does no damage.
You barely miss the hound.
The hound is moderately wounded.
The hound closely misses you. The hound bites you.
You miss the hound.
The hound is moderately wounded.
The hound bites you.
You scratch the hound.
The hound is moderately wounded.
You block the hound's attack. The hound bites you.
You barely miss the hound.
The hound is moderately wounded.
You block the hound's attack.
You scratch the hound but do no damage.
The hound is moderately wounded.
The hound barely misses you. x2
You scratch the hound.
The hound is heavily wounded.
The hound bites you.
You barely miss the hound.
The hound is heavily wounded.
The hound bites you.
You die...

#.........#.
+...........
#.........#
#.........#
#.........#
#.........#
#.........#.
#.@h......
#.########
#.# #.# #.#
#.# #.# #.#
#.#


You could see a hound.

Vanquished Creatures
  2 dart slugs (D:1)
  2 ball pythons (D:1)
  3 endoplasms
  2 giant cockroaches
  6 goblins
  7 hobgoblins
  2 quokkas
  6 bats
  6 frilled lizards (D:1)
  4 kobolds
  2 rats
42 creatures vanquished.

Notes
Turn   | Place    | Note
-------+----------+-------------------------------------------
     0 | D:1      | qw the Ghoul Fire Elementalist began the quest for the Orb.
     0 | D:1      | Reached XP level 1. HP: 14/14 MP: 2/2
     0 | D:1      | 0 ||| qw: Version: 0.1-a-90-g952f4b7
     0 | D:1      | 0 ||| qw: Game counter: 3760
     0 | D:1      | 0 ||| qw: Always use a shield: true
     0 | D:1      | 0 ||| qw: God list: Okawaru
     0 | D:1      | 0 ||| qw: Allow faded altars: false
     0 | D:1      | 0 ||| qw: Do Orc after D:15 true
     0 | D:1      | 0 ||| qw: Do second Lair branch before Depths: true
     0 | D:1      | 0 ||| qw: Lair rune preference: random
     0 | D:1      | 0 ||| qw: Plans: Normal
     0 | D:1      | 0 ||| PLANNING D:1-11
   121 | D:1      | Reached skill level 1 in Unarmed Combat
   334 | D:1      | Reached skill level 1 in Fighting
   334 | D:1      | Reached XP level 2. HP: 23/23 MP: 3/3
   349 | D:1      | 349 ||| Stepping ~*~*~tactically~*~*~ (outnumbered).
   350 | D:1      | 350 ||| Stepping ~*~*~tactically~*~*~ (outnumbered).
   351 | D:1      | 351 ||| Stepping ~*~*~tactically~*~*~ (outnumbered).
   352 | D:1      | 352 ||| Stepping ~*~*~tactically~*~*~ (outnumbered).
   353 | D:1      | 353 ||| Stepping ~*~*~tactically~*~*~ (outnumbered).
   354 | D:1      | 354 ||| Stepping ~*~*~tactically~*~*~ (outnumbered).
   355 | D:1      | 355 ||| Stepping ~*~*~tactically~*~*~ (outnumbered).
   356 | D:1      | 356 ||| Stepping ~*~*~tactically~*~*~ (outnumbered).
   357 | D:1      | 357 ||| Stepping ~*~*~tactically~*~*~ (outnumbered).
   358 | D:1      | 358 ||| Stepping ~*~*~tactically~*~*~ (outnumbered).
   359 | D:1      | 359 ||| Stepping ~*~*~tactically~*~*~ (outnumbered).
   360 | D:1      | 360 ||| Stepping ~*~*~tactically~*~*~ (outnumbered).
   361 | D:1      | 361 ||| Stepping ~*~*~tactically~*~*~ (outnumbered).
   362 | D:1      | 362 ||| Stepping ~*~*~tactically~*~*~ (outnumbered).
   363 | D:1      | 363 ||| Stepping ~*~*~tactically~*~*~ (outnumbered).
   364 | D:1      | 364 ||| Stepping ~*~*~tactically~*~*~ (outnumbered).
   365 | D:1      | 365 ||| Stepping ~*~*~tactically~*~*~ (outnumbered).
   423 | D:1      | HP: 5/23 [dart slug/slug dart (6)]
   728 | D:1      | 728 ||| Stepping ~*~*~tactically~*~*~ (stealth).
   741 | D:1      | Reached skill level 2 in Unarmed Combat
   775 | D:1      | 775 ||| Stepping ~*~*~tactically~*~*~ (stealth).
  1320 | D:1      | HP: 4/23 [hobgoblin (4)]
  1326 | D:1      | Reached XP level 3. HP: 8/28 MP: 4/4
  1566 | D:1      | Found a faded altar of an unknown god.
  1851 | D:1      | 1851 ||| UPGRADING to +0 buckler.
  1856 | D:1      | 1856 ||| READING scroll labelled TEUZEANKIOQO.
  1857 | D:1      | 1857 ||| READING scroll labelled QOINNA WOASEVI.
  1858 | D:1      | 1858 ||| READING scroll labelled LYATIS HATTO.
  1859 | D:1      | 1859 ||| DROPPING potion of magic.
  1963 | D:2      | Identified the +6 dagger "Doif" {holy, rN+ Dex+2}
  2048 | D:2      | 2048 ||| Stepping ~*~*~tactically~*~*~ (stealth).
  2295 | D:2      | 2295 ||| Stepping ~*~*~tactically~*~*~ (stealth).
  2311 | D:2      | Reached skill level 3 in Unarmed Combat
  2401 | D:2      | 2401 ||| Stepping ~*~*~tactically~*~*~ (stealth).
  2476 | D:2      | 2476 ||| FLEEEEING.
  2478 | D:2      | 2478 ||| FLEEEEING.
  2479 | D:2      | 2479 ||| FLEEEEING.
  2480 | D:2      | 2480 ||| FLEEEEING.
  2481 | D:2      | 2481 ||| FLEEEEING.
  2482 | D:2      | 2482 ||| FLEEEEING.
  2483 | D:2      | 2483 ||| FLEEEEING.
  2486 | D:2      | 2486 ||| FLEEEEING.
  2487 | D:2      | 2487 ||| FLEEEEING.
  2488 | D:2      | 2488 ||| FLEEEEING.
  2489 | D:2      | 2489 ||| FLEEEEING.
  2490 | D:2      | 2490 ||| FLEEEEING.
  2491 | D:2      | 2491 ||| FLEEEEING.
  2492 | D:2      | 2492 ||| FLEEEEING.
  2493 | D:2      | 2493 ||| FLEEEEING.
  2494 | D:2      | 2494 ||| FLEEEEING.
  2502 | D:2      | 2502 ||| FLEEEEING.
  2503 | D:2      | 2503 ||| FLEEEEING.
  2505 | D:2      | 2505 ||| FLEEEEING.
  2506 | D:2      | 2506 ||| FLEEEEING.
  2511 | D:2      | 2511 ||| FLEEEEING.
  2512 | D:2      | 2512 ||| FLEEEEING.
  2513 | D:2      | 2513 ||| FLEEEEING.
  2514 | D:2      | 2514 ||| FLEEEEING.
  2979 | D:2      | 2979 ||| UPGRADING to +0 leather armour.
  2989 | D:2      | 2989 ||| DROPPING +0 robe.
  2990 | D:2      | 2990 ||| READING scroll labelled ZANO VUILOFI.
  3039 | D:3      | HP: 7/28 [hound (2)]
  3043 | D:3      | HP: 1/28 [hound (3)]
  3044 | D:3      | Slain by a hound

Levels and vault maps discovered:
D:1:      psy_arrival_spokes, layout_basic, basic_ecumenical_altar, st_stairs_3
D:2:      layout_basic, kennysheep_generic_room_10
D:3:      layout_basic

Skill      XL: |  1  2  3 |
---------------+----------+-----
Unarmed Combat | 1 2 3 |  3.2
Fighting       | 1 |  1.0
Dodging        | |  1.7
Stealth        | |  2.1
Spellcasting   | |  1.7
Conjurations   | |  0.7
Fire Magic     | |  2.4

Action                   || total
-------------------------++-------
Melee: Unarmed           ||   208
       Punch             ||     2
  Use: Scroll            ||     4
Armor: Robe              ||    31
       Leather armour    ||     2
Dodge: Dodged            ||   109
Block: Buckler           ||    11

Table legend:
 A = Non-vault XP
 B = Vault XP
 C = Vault XP percentage of total XP
 D = Non-vault monster count
 E = Vault monster count
 F = Vault count percentage of total count
                 A         B        C        D         E       F
            +---------+---------+-------+---------+---------+-------
      Total |      64 |       4 |   5.9 |      39 |       3 |   7.1
            +---------+---------+-------+---------+---------+-------
        D:1 |      38 |       4 |   9.5 |      23 |       3 |  11.5
        D:2 |      24 |       0 |   0.0 |      15 |       0 |   0.0
        D:3 |       2 |       0 |   0.0 |       1 |       0 |   0.0
            +---------+---------+-------+---------+---------+-------
